 Dungeon Crawl Stone Soup version 0.23-a0-539-g3f6f39f (webtiles) character file.

4053 CougarLife the Cleaver (level 10, -3/71 HPs)
             Began as a Formicid Fighter on Dec 8, 2018.
             Was a Priest of Okawaru.
             Slain by a troll (4 damage)
             ... on level 8 of the Dungeon.
             The game lasted 00:08:16 (7163 turns).

CougarLife the Cleaver (Formicid Fighter)           Turns: 7163, Time: 00:08:16

Health: -3/71      AC:  8    Str: 25    XL:     10   Next: 48%
Magic:  9/10       EV: 12    Int:  7    God:    Okawaru [***...]
Gold:   227        SH: 16    Dex: 10    Spells: 9/9 levels left

rFire    . . .     SeeInvis +   a - +0 war axe
rCold    . . .     Gourm    .   v - +2 shield
rNeg     . . .     Faith    .   b - +0 scale mail
rPois    +         Spirit   .   (helmet unavailable)
rElec    .         Reflect  .   (no cloak)
rCorr    .         Harm     .   (no gloves)
MR       +....                  (no boots)
Stlth    +.........             (no amulet)
HPRegen  0.21/turn              q - ring of poison resistance
MPRegen  0.12/turn              (no ring)

@: heroism
A: permanent stasis, dig shafts and tunnels, four strong arms, antennae 3
a: Dig, Shaft Self, Heroism, Renounce Religion


You were on level 8 of the Dungeon.
You worshipped Okawaru.
Okawaru was most pleased with you.
You were not hungry.

You visited 2 branches of the dungeon, and saw 9 of its levels.

You collected 227 gold pieces.

Inventory:

Hand Weapons
 a - a +0 war axe (weapon)
Armour
 b - a +0 scale mail (worn)
 v - a +2 shield (worn)
Jewellery
 q - a ring of poison resistance (left hand)
Wands
 y - a wand of iceblast (9)
Scrolls
 g - 7 scrolls of remove curse
 i - a scroll of magic mapping
 j - 2 scrolls of identify
 k - 2 scrolls of enchant weapon
 m - a scroll of fog {unknown}
 n - a scroll of amnesia {unknown}
 o - a scroll of immolation {unknown}
 s - a scroll of random uselessness {unknown}
 u - a scroll of noise {unknown}
 x - a scroll of enchant armour {unknown}
 z - a scroll of fear {unknown}
Potions
 c - a potion of flight {unknown}
 d - 2 potions of might
 e - 3 potions of lignification {unknown}
 h - a potion of mutation {unknown}
 l - 5 potions of curing
 p - 2 potions of haste {unknown}
 r - 3 potions of heal wounds {unknown}
 t - 2 potions of invisibility {unknown}
 w - a potion of degeneration {unknown}
Comestibles
 f - 14 rations


   Skills:
 - Level 4.0(9.0) Fighting
 + Level 11.7(16.7) Axes
 - Level 4.0(9.0) Armour
 - Level 10.2(15.2) Shields


You had 9 spell levels left.
You didn't know any spells.
Your spell library contained the following spells:

 Spells                   Type           Power        Failure   Level  Hunger
 Animate Skeleton         Necr           N/A          67%         1    ##.....
 Apportation              Tloc           #.....       67%         1    ##.....
 Confusing Touch          Hex            #.....       67%         1    ##.....
 Magic Dart               Conj           #...         67%         1    ##.....
 Summon Small Mammal      Summ           #...         67%         1    ##.....
 Searing Ray              Conj           #.....       82%         2    ###....
 Dazzling Spray           Conj/Hex       #.....       96%         3    ####...
 Force Lance              Conj/Tloc      #.......     100%        4    #####..
 Fulminant Prism          Conj/Hex       #.........   100%        4    #####..
 Iskenderun's Mystic Bla  Conj           #.......     100%        4    #####..


Dungeon Overview and Level Annotations

Branches:
Dungeon (8/15)             Temple (1/1) D:5
   Lair: D:8-11

Altars:
Ashenzari
Cheibriados
Dithmenos
Elyvilon
Fedhas
Gozag
Hepliaklqana
Kikubaaqudgha
Makhleb
Nemelex Xobeh
Okawaru
Qazlal
Ru
Sif Muna
Trog
Uskayaw
Vehumet
Wu Jian
Xom
Yredelemnul
The Shining One

Shops:
D:5 =


Innate Abilities, Weirdness & Mutations

You cannot be hasted, slowed, berserked, paralysed or teleported.
You can dig through walls and to a lower floor.
Your four strong arms can wield two-handed weapons with a shield.
You have a pair of large antennae on your head. (SInv)


Message History

Your scale mail prevents you from hitting the hound.
You block the wolf's attack. The hound barely misses you.
The hound bites you but does no damage. You block the troll's attack.
The troll claws you but does no damage. The troll claws you.
* * * LOW HITPOINT WARNING * * *
The hound closely misses you.
You slash the hound!
You kill the hound!
Okawaru accepts your kill.
Your scale mail prevents you from hitting the troll.
You hit the hound but do no damage. You hit the wolf. You slash the hound!
You kill the hound!
Okawaru accepts your kill. The wolf barely misses you.
The hound bites you but does no damage. The troll closely misses you.
You block the troll's attack. x2
You block the wolf's attack.
The electric eel shoots out a bolt of lightning at you!
The bolt of electricity misses you. You block the wolf's attack.
The troll bites you.
You die...

##.......†.......
..............#.#
.....≈.........#.#
≈..≈≈............#
≈≈≈≈≈≈≈...........
h≈≈≈≈≈≈..........
≈≈≈≈.............
≈≈≈≈≈≈...........
........†@..##...
.≈≈≈≈≈;.hhT..#...
≈≈≈≈≈≈;..###...?.
≈≈≈≈≈≈...# ##...
.≈≈≈..$ ...
..≈≈≈.. .. .......
....... #..#...


You could see a troll, a wolf, a hound and 2 electric eels.

Vanquished Creatures
  A two-headed ogre (D:8)
  Prince Ribbit (D:7)
  A hornet (D:7)
  Menkaure (D:5)
  A water moccasin (D:6)
  A black bear (D:6)
  2 orc warriors
  2 ice beasts
  2 sky beasts (D:6)
  4 ogres
  An eye of draining (D:7)
  4 centaurs
  A bullfrog (D:6)
  2 scorpions
  4 wights
  3 crimson imps
  8 hounds
  A centaur skeleton (D:4)
  3 jellies
  7 orc wizards
  An orc priest (D:5)
  Natasha (thrice) (D:2)
  3 bullfrog skeletons
  An iguana (D:6)
  2 worker ants
  A hound zombie (D:5)
  2 hound skeletons
  7 adders
  A shadow imp (D:6)
  2 adder zombies
  2 worms
  2 dart slugs
  4 leopard geckos
  13 orcs
  3 ball pythons
  8 giant cockroaches
  3 goblins
  6 hobgoblins
  4 jackals (D:8)
  4 kobolds
  3 quokkas
  4 bats
  A frilled lizard (D:2)
  10 rats
140 creatures vanquished.

Notes
Turn   | Place    | Note
-------+----------+-------------------------------------------
     0 | D:1      | CougarLife the Formicid Fighter began the quest for the
                  | Orb.
     0 | D:1      | Reached XP level 1. HP: 18/18 MP: 1/1
    86 | D:1      | Reached XP level 2. HP: 25/25 MP: 2/2
   234 | D:1      | Reached XP level 3. HP: 25/30 MP: 3/3
   664 | D:2      | Noticed Natasha
   673 | D:2      | Killed Natasha
   673 | D:2      | Reached XP level 4. HP: 9/37 MP: 4/4
   709 | D:2      | Noticed Natasha
  1008 | D:2      | Found an opulent altar of Gozag.
  1062 | D:2      | Killed Natasha
  1302 | D:2      | Noticed Natasha
  1312 | D:2      | Killed Natasha
  1312 | D:2      | Reached skill level 3 in Axes
  1312 | D:2      | Reached XP level 5. HP: 32/42 MP: 5/5
  1807 | D:3      | Found a shadowy altar of Dithmenos.
  2003 | D:3      | Reached skill level 4 in Axes
  2287 | D:4      | Reached XP level 6. HP: 32/48 MP: 6/6
  2506 | D:4      | Reached skill level 5 in Axes
  2583 | D:4      | Noticed an ogre
  2591 | D:4      | Killed an ogre
  2772 | D:4      | Reached XP level 7. HP: 48/54 MP: 7/7
  2849 | D:4      | Reached skill level 6 in Axes
  3010 | D:4      | Found a glowing golden altar of the Shining One.
  3283 | D:5      | Entered Level 5 of the Dungeon
  3343 | D:5      | Reached skill level 5 in Shields
  3531 | D:5      | Found a staircase to the Ecumenical Temple.
  3590 | D:5      | Found a blossoming altar of Fedhas.
  3607 | Temple   | Entered the Ecumenical Temple
  3690 | Temple   | Became a worshipper of Warmaster Okawaru
  3761 | D:5      | Noticed Menkaure
  3770 | D:5      | Killed Menkaure
  3770 | D:5      | Reached XP level 8. HP: 24/60 MP: 8/8
  4008 | D:5      | Found Ytruax Juda's Jewellery Boutique.
  4365 | D:6      | Reached * piety under Okawaru
  4569 | D:6      | Found a snail-covered altar of Cheibriados.
  4658 | D:6      | Reached skill level 10 in Shields
  4658 | D:6      | Reached XP level 9. HP: 28/65 MP: 9/9
  4881 | D:6      | Reached ** piety under Okawaru
  5029 | D:6      | Reached skill level 7 in Axes
  5428 | D:6      | Reached skill level 8 in Axes
  5511 | D:7      | Noticed a hornet
  5528 | D:7      | Killed a hornet
  5855 | D:7      | Found a bloodstained altar of Trog.
  5872 | D:7      | Reached skill level 9 in Axes
  6052 | D:7      | Noticed Prince Ribbit
  6063 | D:7      | Killed Prince Ribbit
  6097 | D:7      | Reached *** piety under Okawaru
  6097 | D:7      | Reached XP level 10. HP: 63/71 MP: 10/10
  6158 | D:7      | Found an ornate altar of the Wu Jian Council.
  6410 | D:8      | Reached skill level 10 in Axes
  6714 | D:8      | Noticed a two-headed ogre
  6725 | D:8      | Killed a two-headed ogre
  6725 | D:8      | Reached skill level 11 in Axes
  7156 | D:8      | Received a gift from Okawaru
  7158 | D:8      | HP: 1/71 [troll (6)]
  7163 | D:8      | Slain by a troll

Vault maps used:
D:1:      lightli_arrival_isolated_outpost
D:2:      nicolae_gozag_seed_capital, uniq_natasha
D:3:      nicolae_dithmenos_through_a_glass_darkly, first_ration
D:4:      nicolae_tso_swordbearing_angel
D:5:      minmay_temple_entry_water_ring, serial_shops,
          nicolae_shop_statue_plus, fedhas_altar_1, uniq_menkaure
D:6:      kennysheep_slug_shrine
D:7:      kennysheep_mini, trog_eyes_of_draining, uniq_prince_ribbit1
D:8:      zin_treasury, erik_lair_island, grunt_ogre_cave, uniq_pikel
Temple:   lightli_temple_of_artemis

Skill      XL: |  1  2  3  4  5  6  7  8  9 10 |
---------------+-------------------------------+-----
Fighting       | 4 |  4.0
Armour         | 4 |  4.0
Shields        | 4 7 10 | 10.2
Axes           | 3 4 5 6 9 11 | 11.7

Action                   |  1- 3 |  4- 6 |  7- 9 | 10-12 || total
-------------------------+-------+-------+-------+-------++-------
Melee: War axe           |    82 |   136 |   252 |    74 ||   544
Invok: Heroism           |       |       |     4 |     3 ||     7
  Use: Scroll            |       |     4 |     2 |       ||     6
  Eat: Chunk             |       |     6 |     8 |       ||    14
       Ration            |       |       |     1 |     1 ||     2
Armor: Scale mail        |    23 |    65 |    74 |    32 ||   194
Dodge: Dodged            |    18 |    40 |    96 |    42 ||   196
Block: Shield            |    50 |    76 |   194 |   106 ||   426

Table legend:
 A = Non-vault XP
 B = Vault XP
 C = Vault XP percentage of total XP
 D = Non-vault monster count
 E = Vault monster count
 F = Vault count percentage of total count
                 A         B        C        D         E       F
            +---------+---------+-------+---------+---------+-------
      Total |    4656 |    1135 |  19.6 |     127 |      13 |   9.3
            +---------+---------+-------+---------+---------+-------
        D:1 |      45 |       0 |   0.0 |      27 |       0 |   0.0
        D:2 |      77 |      37 |  32.5 |       6 |       1 |  14.3
        D:3 |      61 |       0 |   0.0 |      13 |       0 |   0.0
        D:4 |     358 |       0 |   0.0 |      13 |       0 |   0.0
        D:5 |     342 |     175 |  33.8 |      15 |       1 |   6.2
        D:6 |    1586 |       4 |   0.3 |      29 |       1 |   3.3
        D:7 |     674 |     669 |  49.8 |       8 |       4 |  33.3
        D:8 |    1513 |     250 |  14.2 |      16 |       6 |  27.3
            +---------+---------+-------+---------+---------+-------
